 Dungeon Crawl Stone Soup version 0.29.1-13-g9f3cf754e1 (webtiles) character file.

Game seed: 11250514264047414505

4160 KyoPewz the Jinx (level 10, -7/37 HPs)
             Began as a Felid Enchanter on Feb 10, 2023.
             Was an Elder of Zin.
             Mangled by an apocalypse crab (17 damage)
             ... on level 2 of the Abyss.
             The game lasted 01:17:07 (17926 turns).

KyoPewz the Jinx (Felid Enchanter)                 Turns: 17926, Time: 01:17:08

Health: -7/37      AC:  2    Str:  6    XL:     10   Next: 7%
Magic:  14/17      EV: 29    Int: 18    God:    Zin [****..]
Gold:   288        SH:  0    Dex: 18    Spells: 0/17 levels left
                                        Lives:  0   Deaths: 3

rFire   . . .      SeeInvis +     - Unarmed
rCold   . . .      Faith    .   (shield unavailable)
rNeg    . . .      Spirit   .   (body armour unavailable)
rPois   .          Reflect  .   (helmet unavailable)
rElec   .          Harm     .   (cloak unavailable)
rCorr   .          Rampage  .   (gloves unavailable)
Will    +....      Clarity  +   (boots unavailable)
Stlth   +++++.....              (no amulet)
HPRegen 0.12/turn               w - ring of wizardry
MPRegen 0.15/turn               (no ring)

@: mighty, agile, confusing by touch, slowed, slow
A: very small, claws 1, fangs 3, see invisible, speed 1, shaggy fur 2, stealthy
paws, no weapons or thrown items, no armour, multi-lived, clarity
a: Renounce Religion, Recite, Vitalisation, Imprison, Donate Gold


You were on level 2 of the Abyss.
You worshipped Zin.
Zin was greatly pleased with you.
You visited 2 branches of the dungeon, and saw 11 of its levels.
You visited the Abyss 1 time.

You collected 642 gold pieces.
You donated 354 gold pieces to Zin.

Inventory:

Jewellery
 c - a ring of fire
 q - a ring of wizardry
 w - a ring of wizardry (left paw)
Wands
 s - a wand of light (9)
 u - a wand of flame (42)
 y - a wand of digging (6)
Scrolls
 b - a scroll of poison
 e - 2 scrolls of vulnerability
 g - 2 scrolls of amnesia
 h - 2 scrolls of identify
 j - a scroll of immolation
 m - a scroll of noise {unknown}
 n - a scroll of silence {unknown}
 o - 6 scrolls of teleportation
 p - 3 scrolls of butterflies
 t - a scroll of enchant weapon {unknown}
 A - a scroll of blinking
Potions
 a - a potion of invisibility
 d - a potion of haste {unknown}
 f - a potion of attraction
 i - a potion of cancellation {unknown}
 k - a potion of brilliance {unknown}
 l - 3 potions of flight
 r - a potion of resistance
 v - 3 potions of mutation
 x - a potion of magic
 z - 4 potions of might


   Skills:
 - Level 10.0 Dodging
 - Level 10.0 Stealth
 * Level 9.6 Unarmed Combat
 - Level 4.1 Spellcasting
 + Level 3.8 Conjurations
 - Level 11.0 Hexes
 + Level 4.2 Translocations
 + Level 0.7 Transmutations
 - Level 2.0 Ice Magic
 + Level 0.6 Earth Magic
 + Level 3.4 Invocations


You couldn't memorise any spells.
You knew the following spells:

 Your Spells              Type           Power      Damage    Failure   Level
a - Ensorcelled Hibernat  Hex/Ice        54%        N/A       1%          2
b - Tukima's Dance        Hex            43%        N/A       1%          3
c - Confusing Touch       Hex            43%        N/A       1%          3
d - Dazzling Flash        Conj/Hex       60%        N/A       1%          3
e - Iskenderun's Mystic   Conj/Tloc      18%        2d6       11%         4
f - Passwall              Tmut/Erth      5%         N/A       6%          2

Your spell library contained the following spells:

 Spells                   Type           Power      Damage    Failure   Level
 Fulminant Prism          Conj/Hex       15%        3d11      2%          4
 Sandblast                Erth           12%        2d6       4%          1
 Stone Arrow              Conj/Erth      22%        3d8       7%          3
 Lee's Rapid Deconstruct  Erth           3%         3d6*      73%         5


Dungeon Overview and Level Annotations

Branches:
Dungeon (10/15)            Temple (1/1) D:4             Orc (0/2) D:10
   Lair: D:8-11

Altars:
Cheibriados
Dithmenos
Elyvilon
Fedhas
Gozag
Hepliaklqana
Kikubaaqudgha
Makhleb
Nemelex Xobeh
Okawaru
Qazlal
Ru
Sif Muna
Trog
Uskayaw
Vehumet
Wu Jian
Xom
Yredelemnul
Zin
The Shining One

Shops:
D:1 [   D:5 (

Annotations:
D:4 exclusion: two-headed ogre
D:6 exclusion: downstairs
D:8 1 runed translucent door, LaMa's ghost, novice DsFi
D:9 Erolcha


Innate Abilities, Weirdness & Mutations

You have sharp claws.
You have razor-sharp teeth.
You have supernaturally acute eyesight. (SInv)
You cover ground quickly. (Speed+)
You are covered in thick fur. (AC +2)
Your paws help you pounce on unaware monsters.
You are incapable of wielding weapons or throwing items.
You cannot wear armour.
You gain extra lives every three experience levels.
You possess an exceptional clarity of mind.


Message History

Moving in this stuff is going to be slow.
An apocalypse crab comes into view.
You enter the shallow water.
Moving in this stuff is going to be slow.
You enter the shallow water.
Moving in this stuff is going to be slow.
A starcursed mass comes into view.
The apocalypse crab breathes chaos at you.
The blast of chaos engulfs you!
You barely resist.
You are engulfed in seething chaos.
You feel very mighty all of a sudden.
The apocalypse crab breathes chaos at you.
The blast of chaos engulfs you.
You are engulfed in seething chaos.
You feel agile all of a sudden.
You are engulfed in seething chaos.
The apocalypse crab breathes chaos at you.
The blast of chaos misses you.
You are engulfed in seething chaos.
You feel yourself slow down.
You are engulfed in seething chaos.
The apocalypse crab breathes chaos at you.
The blast of chaos misses you.
You are engulfed in seething chaos.
You feel mightier all of a sudden.
The apocalypse crab completely misses you. x2
Casting: Ensorcelled Hibernation (safe; 1% risk of failure)
Confirm with . or Enter, or press ? or * to list all spells.
You can't see any susceptible monsters within range! (Use Z to cast anyway.) Unknown command.
Unknown command.
Casting: Ensorcelled Hibernation (safe; 1% risk of failure)
Confirm with . or Enter, or press ? or * to list all spells.
Your paws begin to glow red.
The apocalypse crab misses you. The apocalypse crab claws you!
You are engulfed in flames!
You barely miss the apocalypse crab.
The apocalypse crab completely misses you.
The apocalypse crab claws you.
* * * LOW HITPOINT WARNING * * *
The apocalypse crab freezes you!
You die...

# ≈ ≈~~~.#~.....
# ~~.~~~ .§...##
#. ~ .~~
~≈~~.#.### . #
##.#.##...##...§#
.# .. .#
######.#t### #.
.# #. #...##.##.
.# . ##
.....#...##..#..#
. ... #§. ##....#
.. #
....#§###.#@..# .
.
....§§§#t..#...#
## #.
#.#§§§##..## #..
# . #...#§# ####
# .. .§. . ##. .
. # ## #


You could see an apocalypse crab.

Vanquished Creatures
  A deep troll (D:10)
  2 cyclopes (D:10)
  2 kobold demonologists
  2 trolls (D:10)
  Sigmund (D:2)
  7 yaks (D:10)
  2 wraiths (D:10)
  2 wyverns
  2 steam dragons (D:9)
  Eustachio (D:4)
  A vampire mosquito (D:10)
  2 sky beasts
  A black bear (D:5)
  3 orc warriors
  2 ice beasts (D:6)
  3 ogres
  A centaur (D:10)
  2 phantoms
  6 kobold brigands
  3 bullfrogs
  A necrophage (D:6)
  A scorpion (D:7)
  4 wights (D:8)
  10 killer bees
  8 howler monkeys
  2 jellies (D:5)
  3 orc priests
  2 hounds (D:5)
  2 gnoll boudas
  2 iguanas
  13 orc wizards
  Robin (D:2)
  3 adders
  13 gnolls
  3 shadow imps
  An ufetubus (D:4)
  3 worms (D:2)
  A dart slug (D:3)
  27 orcs
  4 endoplasms
  3 giant cockroaches
  12 hobgoblins
  6 jackals
  A quokka (D:1)
  7 ball pythons
  2 bats
  15 goblins
  25 kobolds
  9 kobold skeletons (D:9)
  9 kobold zombies (D:9)
  4 rats
243 creatures vanquished.

Vanquished Creatures (collateral kills)
  9 wights
9 creatures vanquished.

Vanquished Creatures (others)
  2 dancing weapons
  2 plants (D:10)
4 creatures vanquished.

Grand Total: 256 creatures vanquished

Notes
Turn   | Place    | Note
-------+----------+-------------------------------------------
     0 | D:1      | KyoPewz the Felid Enchanter began the quest for the Orb.
     0 | D:1      | Reached XP level 1. HP: 7/7 MP: 4/4
   132 | D:1      | Found Koqaum's Armour Boutique.
   630 | D:1      | Reached XP level 2. HP: 5/11 MP: 6/6
   637 | D:1      | Reached skill level 1 in Ice Magic
   640 | D:1      | Learned a level 2 spell: Ensorcelled Hibernation
  1424 | D:1      | Found a faded altar of an unknown god.
  2322 | D:2      | Reached XP level 3. HP: 14/14 MP: 7/7
  2694 | D:2      | Reached skill level 5 in Hexes
  3549 | D:2      | Noticed Sigmund
  3752 | D:2      | Identified the +1 helmet of Wuqat {rPois rF+}
  3752 | D:2      | Noticed Robin
  3764 | D:2      | Killed Robin
  4119 | D:3      | Reached XP level 4. HP: 11/18 MP: 3/8
  4226 | D:3      | Learned a level 3 spell: Tukima's Dance
  4275 | D:3      | Found a shimmering altar of Xom.
  4758 | D:4      | You fall into a shaft and drop 3 floors!
  4771 | D:7      | Noticed a necrophage
  4783 | D:8      | Noticed a sky beast
  4910 | D:7      | Noticed an orc warrior
  4911 | D:7      | Noticed an orc warrior
  4914 | D:7      | Slain by a wight
  4915 | D:7      | Reached XP level 3. HP: -1/12 MP: 3/7
  4984 | D:5      | Entered Level 5 of the Dungeon
  4990 | D:5      | Reached XP level 4. HP: 18/18 MP: 8/8
  4993 | D:5      | Noticed a phantom
  5009 | D:5      | Noticed a black bear
  5101 | D:6      | Noticed an ogre
  5108 | D:6      | Killed an ogre
  5109 | D:6      | Reached skill level 6 in Hexes
  5109 | D:6      | Reached XP level 5. HP: 21/21 MP: 9/9
  5109 | D:6      | Noticed an ogre
  5114 | D:6      | Reached skill level 5 in Stealth
  5151 | D:6      | Killed an ogre
  5152 | D:6      | Reached skill level 7 in Hexes
  5152 | D:6      | Gained mutation: You are covered in thick fur. (AC +2)
                  | [Felid growth]
  5152 | D:6      | Reached XP level 6. HP: 24/24 MP: 0/10
  5236 | D:6      | Noticed an ice beast
  5317 | D:6      | Learned a level 3 spell: Confusing Touch
  5670 | D:4      | Found a stormy altar of Qazlal.
  5730 | D:4      | Noticed a two-headed ogre
  6337 | D:4      | Found a staircase to the Ecumenical Temple.
  6356 | Temple   | Entered the Ecumenical Temple
  6381 | Temple   | Became a worshipper of Zin the Law-Giver
  6381 | Temple   | Reached * piety under Zin
  6734 | D:2      | Reached XP level 7. HP: 26/27 MP: 11/11
  6860 | D:2      | Killed Sigmund
  6861 | D:2      | Reached skill level 5 in Dodging
  6861 | D:2      | Reached skill level 8 in Hexes
  7501 | D:3      | Reached ** piety under Zin
  7595 | D:5      | Found Upneempa's Antique Weapon Shoppe.
  7938 | D:4      | Reached skill level 5 in Unarmed Combat
  8050 | D:5      | Reached skill level 1 in Conjurations
  8103 | D:5      | Reached XP level 8. HP: 28/31 MP: 8/12
  8145 | D:5      | Killed from afar by an orc priest
  8146 | D:5      | Reached XP level 7. HP: -3/27 MP: 7/11
  9305 | D:5      | Noticed Eustachio
  9330 | D:4      | Killed Eustachio
  9338 | D:5      | Reached skill level 9 in Hexes
  9338 | D:5      | Reached XP level 8. HP: 31/31 MP: 8/12
  9841 | D:6      | Found an iron altar of Okawaru.
  9995 | D:6      | Found an ornate altar of the Wu Jian Council.
 10072 | D:6      | Learned a level 3 spell: Dazzling Flash
 11039 | D:6      | Reached skill level 10 in Hexes
 11196 | D:7      | Reached XP level 9. HP: 34/34 MP: 10/13
 11211 | D:7      | HP: 1/34 [orc wizard/magic dart (8)]
 11537 | D:8      | Found a sacrificial altar of Ru.
 11664 | D:8      | Identified the +4 flail of Articulation {holy, *Rage rCorr
                  | Int+6}
 11668 | D:8      | Found a runed translucent door.
 11668 | D:8      | Noticed a deep elf pyromancer
 11669 | D:8      | Noticed LaMa's ghost (novice DsFi)
 11909 | D:8      | Reached *** piety under Zin
 13201 | D:9      | Found a glowing golden altar of the Shining One.
 13202 | D:9      | Found an opulent altar of Gozag.
 13202 | D:9      | Found a white marble altar of Elyvilon.
 13205 | D:9      | Found an ancient bone altar of Kikubaaqudgha.
 13808 | D:9      | Reached skill level 10 in Stealth
 14686 | D:9      | HP: 1/33 [kobold brigand/+0 dagger (7)]
 14687 | D:9      | Zin protects you from harm!
 14824 | D:9      | Reached XP level 10. HP: 24/37 MP: 7/16
 15326 | D:9      | Found an ancient bone altar of Kikubaaqudgha.
 15665 | D:9      | Noticed Erolcha
 15680 | D:9      | Reached **** piety under Zin
 15695 | D:10     | Entered Level 10 of the Dungeon
 15941 | D:10     | Found a radiant altar of Vehumet.
 16006 | D:10     | Reached skill level 11 in Hexes
 16023 | D:10     | Found a blossoming altar of Fedhas.
 16029 | D:10     | Learned a level 4 spell: Iskenderun's Mystic Blast
 16057 | D:10     | Found a basalt altar of Yredelemnul.
 16150 | D:10     | Found a bloodstained altar of Trog.
 16469 | D:10     | Reached skill level 1 in Translocations
 16469 | D:10     | Reached skill level 1 in Invocations
 16487 | D:10     | Reached skill level 10 in Dodging
 16721 | D:10     | Found a staircase to the Orcish Mines.
 16840 | D:10     | Noticed a cyclops
 16840 | D:10     | Noticed a deep troll
 16841 | D:10     | Noticed a cyclops
 16842 | D:10     | Killed a cyclops
 16843 | D:10     | Killed a cyclops
 16852 | D:10     | Killed a deep troll
 16931 | D:10     | Learned a level 2 spell: Passwall
 16934 | D:10     | Reached XP level 11. HP: 40/40 MP: 15/18
 17197 | D:10     | Found a hazy altar of Hepliaklqana.
 17636 | Abyss:1  | Cast into level 1 of the Abyss (Erolcha)
 17760 | Abyss:2  | Found a corrupted altar of Lugonu.
 17834 | Abyss:2  | Noticed a thrashing horror
 17838 | Abyss:2  | Donated 290 gold pieces to Zin
 17854 | Abyss:2  | Found a corrupted altar of Lugonu.
 17854 | Abyss:2  | Noticed a hellephant
 17874 | Abyss:2  | Gained mutation: You possess an exceptional clarity of
                  | mind. [a neqoxec]
 17882 | Abyss:2  | Found a corrupted altar of Lugonu.
 17883 | Abyss:2  | Killed from afar by a hellephant
 17884 | Abyss:2  | Reached XP level 10. HP: -55/37 MP: 17/17
 17903 | Abyss:2  | Noticed an apocalypse crab
 17908 | Abyss:2  | Noticed a starcursed mass
 17926 | Abyss:2  | Mangled by an apocalypse crab

Illustrated notes

Levels and vault maps discovered:
D:1:      onia_arrival_mini_maze_b, layout_basic,
          hellmonk_ecumenical_altar_lost_god, serial_shops, shop,
          chequers_serial_rivers_micro_e, hangedman_decor_opposing,
          roderic_lattice_a, hangedman_decor_riveting
D:2:      layout_basic, uniq_sigmund, uniq_robin
D:3:      layout_loops_cross, lemuel_tele_altar, kennysheep_orc_chapel
D:4:      layout_loops_corners, mainiacjoe_overflow_brackets,
          minmay_temple_entry_nine_rooms, minmay_small_thing
D:5:      layout_rooms, serial_shops, nicolae_shop_competitors_out_of_business,
          uniq_eustachio
D:6:      layout_loops_ring, okawaru_metal_pillars_3,
          mainiacjoe_overflow_24_doors
D:7:      layout_rooms, grunt_ashenzari_visionary
          [grunt_ashenzari_visionary_shoals, grunt_ashenzari_visionary_snake],
          dreamdust_princess_bridge, kennysheep_small_circle
D:8:      layout_cave_pods, nicolae_ru_sacrificial_ziggurat,
          ebering_ghost_inner_flame, chequers_serial_rivers_room_b
D:9:      wander_kiku_kobolds, layout_basic, grunt_temple_overflow_open,
          enter_bailey_2, uniq_erolcha
D:10:     nzn_winding_woodlands_three_and_one
          [nzn_winding_woodlands_5x15_pathside_ponds,
          nzn_winding_woodlands_5x15_lazy_stream,
          nzn_winding_woodlands_5x15_pool, nzn_winding_woodlands_center_lodge],
          layout_irregular_city, mainiacjoe_overflow_concentric_impassable,
          fedhas_altar_1, nicolae_overflow_hidden_temple,
          mainiacjoe_overflow_small_starburst, bloody_trog
Temple:   hellmonk_temple_beads
Abyss:2:  base:
Temple

Skill      XL: |  1  2  3  4  5  6  7  8  9 10 |
---------------+-------------------------------+-----
Ice Magic      | 1 2 |  2.0
Unarmed Combat | 2 3 6 7 9 |  9.6
Hexes          | 5 6 7 9 10 11 | 11.0
Dodging        | 3 4 6 7 9 10 | 10.0
Stealth        | 5 7 8 10 | 10.0
Conjurations   | 2 3 |  3.8
Spellcasting   | 3 4 |  4.1
Translocations | 4 |  4.2
Invocations    | 3 |  3.4
Transmutations | |  0.7
Earth Magic    | |  0.6

Action                   |  1- 3 |  4- 6 |  7- 9 | 10-12 || total
-------------------------+-------+-------+-------+-------++-------
Melee: Unarmed           |   126 |    73 |   380 |   147 ||   726
       Bite              |    12 |     7 |    49 |    18 ||    86
       Punch             |     4 |       |    14 |     7 ||    25
 Cast: Ensorcelled Hiber |    13 |    12 |    90 |    27 ||   142
       Tukima's Dance    |       |     2 |    24 |     4 ||    30
       Confusing Touch   |       |       |     6 |     4 ||    10
       Dazzling Flash    |       |       |     1 |       ||     1
Invok: Recite            |       |       |     2 |       ||     2
       Vitalisation      |       |       |       |     1 ||     1
       Donate Gold       |       |       |       |     1 ||     1
Evoke: Wand              |       |       |     2 |       ||     2
  Use: Scroll            |       |     3 |    15 |       ||    18
       Potion            |       |       |     6 |       ||     6
 Stab: Sleeping          |    16 |    13 |    53 |    24 ||   106
       Distracted        |     1 |     1 |     2 |     2 ||     6
       Invisible         |       |       |     3 |       ||     3
       Confused          |       |       |     3 |     1 ||     4
Armor: Skin              |     4 |     3 |    20 |     5 ||    32
Dodge: Dodged            |    87 |    59 |   308 |   119 ||   573
